AoeStats
← _LY_抖音肥龙

African Clearing

505660462Analyzed
4v4 RM · 21d ago on Sep 10, 2026· 35m 15s· 8 players
Game mode
Random Map
Map size
Large (8 player)
Population
200
Speed
Normal
Resources
Standard
Victory
Conquest
Starting age
Dark Age
Ending age
Imperial Age
RankedLock teamsTeams togetherTeam positionsShared explorationLock speedFull tech treeHidden civsTurbo modeCheats
Victory
Defeat
🇭🇰 Mongols · Hong Kong SAR China
1735
+11
🇭🇰 Wei · Hong Kong SAR China
1690
+13
🇩🇪 Khitans · Germany
1681
+13
🇹🇼 Vietnamese · Taiwan
1611
+16
🇹🇷 Spanish · Türkiye
1679
-16
🇪🇸 Tatars · Spain
1671
-15
🇯🇴 Turks · Jordan
1592
-12
🇧🇪 Italians · Belgium
1539
-10
Honda
12:45 Feudal Age
17:10 Castle Age
15:22 Double-Bit Axe
16:36 Padded Archer Armor
18:24 Leather Archer Armor
20:33 Husbandry
29:06 Gold Mining
31:06 Bloodlines
CAPTAINKILL
3:52 Loom
13:26 Feudal Age
14:33 Double-Bit Axe
15:25 Forging
15:20 Scale Barding Armor
20:53 Wheelbarrow
25:42 Castle Age
24:30 Bloodlines
24:35 Horse Collar
24:47 Gold Mining
26:43 Chain Barding Armor
26:57 Bow Saw
27:21 Husbandry
32:33 Iron Casting
35:17 Hand Cart
milarreach
12:26 Feudal Age
16:11 Castle Age
14:30 Double-Bit Axe
14:53 Horse Collar
15:16 Gold Mining
15:34 Fletching
17:06 Bow Saw
16:58 Loom
19:48 Bodkin Arrow
21:05 Ballistics
23:13 Padded Archer Armor
26:00 Husbandry
27:34 Town Watch
28:50 Wheelbarrow
30:20 Heavy Plow
30:39 Leather Archer Armor
35:46 Imperial Age
33:32 Hand Cart
34:53 Bloodlines
Kilian
5:46 Loom
14:16 Feudal Age
18:32 Castle Age
17:25 Double-Bit Axe
23:20 Fletching
32:06 Wheelbarrow
34:19 Bodkin Arrow
快樂 543
4:35 Loom
13:36 Feudal Age
18:34 Castle Age
17:05 Double-Bit Axe
18:41 Gold Mining
19:07 Fletching
32:46 Town Watch
33:26 Scale Mail Armor
Random Civ Pocket
12:58 Feudal Age
14:01 Loom
16:57 Castle Age
15:06 Double-Bit Axe
16:26 Fletching
17:54 Bow Saw
21:35 Bodkin Arrow
24:51 Ballistics
26:13 Bloodlines
27:41 Padded Archer Armor
28:14 Husbandry
34:03 Horse Collar
[GER] Paeco
13:16 Feudal Age
13:34 Loom
17:09 Castle Age
15:17 Double-Bit Axe
15:36 Domestication
18:40 Bow Saw
25:57 Fletching
29:25 Bodkin Arrow
30:31 Pastoralism
30:35 Gold Mining
33:40 Forging
35:20 Wheelbarrow
35:38 Ballistics
_LY_抖音肥龙
12:31 Feudal Age
16:09 Castle Age
14:29 Double-Bit Axe
17:04 Bow Saw
18:26 Fishing Lines
20:44 Wheelbarrow
20:00 Stone Mining
21:12 Loom
22:21 Gold Mining
22:15 Horse Collar
23:49 Hand Cart
23:52 Fletching
24:46 Bodkin Arrow
25:08 Gillnets
26:44 Padded Archer Armor
27:58 Ballistics
31:51 Imperial Age
29:48 Thumb Ring
30:09 Bloodlines
30:00 Husbandry
30:46 Leather Archer Armor
32:00 Gold Shaft Mining
32:01 Stone Shaft Mining
32:45 Bracer
32:13 Elite Mangudai
34:13 Chemistry
33:01 Capped Ram
34:26 Conscription
34:34 Siege Engineers
Connection lost

Rejoining the realm…

Still unreachable

The connection could not be restored.

Session expired

The server has moved on; the page needs a fresh start.